 Dungeon Crawl Stone Soup version 0.25.1-1-g288607f (webtiles) character file.

Game seed: 2464296857925284687

3174 SGCS1 the Martial Artist (level 9, -2/74 HPs)
             Began as a Yellow Draconian Monk on Sept 24, 2020.
             Was a Priest of Wu Jian.
             Slain by an orc
             ... wielding a +1 dagger of electrocution
              (4 damage)
             ... on level 8 of the Dungeon on Oct 20, 2020.
             The game lasted 00:35:49 (7088 turns).

SGCS1 the Martial Artist (Yellow Draconian Monk)    Turns: 7088, Time: 00:35:49

Health: -2/74      AC: 12    Str: 15    XL:     9   Next: 63%
Magic:  9/9        EV: 16    Int: 10    God:    Wu Jian [***...]
Gold:   198        SH:  0    Dex: 16    Spells: 8/8 levels left

rFire    . . .     SeeInvis .     - Unarmed
rCold    + . .     Gourm    .   (no shield)
rNeg     . . .     Faith    .   (armour unavailable)
rPois    .         Spirit   .   p - +2 hat
rElec    .         Reflect  .   (no cloak)
rCorr    +         Harm     .   y - +2 pair of gloves
MR       .....                  (no boots)
Stlth    +++.......             (no amulet)
HPRegen  0.22/turn              b - ring of protection from cold
MPRegen  0.11/turn              (no ring)

@: invisible
A: spit acid, unfitting armour, cold-blooded, acid resistance, AC +7
a: Breathe Acid, Wall Jump, Serpent's Lash, Renounce Religion


You were on level 8 of the Dungeon.
You worshipped Wu Jian.
Wu Jian was most pleased with you.
You were not hungry.

You visited 2 branches of the dungeon, and saw 9 of its levels.

You collected 484 gold pieces.
You spent 286 gold pieces at shops.

Inventory:

Hand Weapons
 o - a +0 shortbow
 w - a +0 shortbow
 E - a cursed -2 shortbow
 H - a +0 fustibalus
Missiles
 e - 218 stones (quivered)
 g - 62 sling bullets
 k - 3 javelins
 n - 21 poisoned darts
 C - 30 arrows
 D - 39 bolts
Armour
 p - a +2 hat (worn)
 y - a +2 pair of gloves (worn)
Jewellery
 b - a ring of protection from cold (left hand)
 l - an uncursed ring of teleportation
 q - a -4 ring of dexterity
Wands
 m - a wand of clouds (6)
 s - a wand of acid (10)
 t - a wand of disintegration (22)
 x - a wand of flame (19)
 G - a wand of random effects (27)
Scrolls
 f - 3 scrolls of remove curse
 h - 4 scrolls of blinking
 i - a scroll of summoning
 r - a scroll of fear
 u - 2 scrolls of teleportation
 v - a scroll of amnesia
Potions
 j - 2 potions of haste
 A - a potion of flight
 B - a potion of berserk rage
 F - 2 potions of might
Comestibles
 a - 3 rations
 c - 3 chunks of flesh


   Skills:
 + Level 5.1 Fighting
 + Level 0.3 Throwing
 + Level 6.4 Dodging
 + Level 5.3 Stealth
 + Level 10.6 Unarmed Combat


You had 8 spell levels left.
You didn't know any spells.
Your spell library was empty.

Dungeon Overview and Level Annotations

Branches:
Dungeon (8/15)             Temple (1/1) D:4            Lair (0/6) D:8

Altars:
Ashenzari
Cheibriados
Dithmenos
Elyvilon
Gozag
Hepliaklqana
Makhleb
Nemelex Xobeh
Okawaru
Qazlal
Ru
Sif Muna
Trog
Vehumet
Wu Jian
Xom
Zin
The Shining One

Shops:
D:5 *

Annotations:
D:6 1 runed translucent door


Innate Abilities, Weirdness & Mutations

You can spit globs of acid.
Your golden yellow scales are hard. (AC +7)
You cannot fit into any form of body armour.
You are cold-blooded and may be slowed by cold attacks.
You are resistant to acid. (rCorr)


Message History

The giant cockroach bites you but does no damage.
You feel better. The orc misses you. The giant cockroach barely misses you.
The orc warrior hits you with a +0 short sword.
You feel better. The giant cockroach closely misses you.
The orc hits you but does no damage.
You are electrocuted!
The orc warrior hits you with a +0 short sword!!
* * * LOW HITPOINT WARNING * * *
Aiming: Throw Flame
Press: ? - help, Shift-Dir - straight line, f - orc warrior
Aim: an orc warrior, wielding a +0 short sword and wearing a +0 plate armour (lightly wounded)
The puff of flame misses the orc warrior.
The giant cockroach bites you but does no damage.
The orc barely misses you.
The orc warrior hits you with a +0 short sword!
* * * LOW HITPOINT WARNING * * *
Unknown command.
You fade into invisibility!
The giant cockroach closely misses you.
The orc hits you with a +1 dagger of electrocution.
You die...

#..$..PP[..♣....P.....#
##..P...♣...P...P......#
......PP.P..♣.P.......#
#....P...P..P.........
#..PP...P.........####
####.P.÷PP........#
##..).♣P########
###..###### #...@.# #
#..soo# # #.......?# #
####.....# # #.....# #
#./...# # ###.### # .. #
.. #


You could see an orc warrior, an orc and a giant cockroach.

Vanquished Creatures
  A wyvern (D:8)
  2 porcupines (D:8)
  2 sky beasts
  3 black bears (D:8)
  2 ice beasts
  2 ogres
  2 wolves (D:8)
  3 crocodiles (D:8)
  2 centaurs
  6 bullfrogs
  3 scorpions
  A killer bee (D:8)
  A howler monkey (D:5)
  A crimson imp (D:7)
  2 hounds
  A quasit (D:7)
  A bullfrog zombie (D:5)
  2 jellies
  3 orc wizards
  2 centaur skeletons
  4 orc priests
  An iguana (D:7)
  Terence (D:2)
  5 worker ants
  3 hound zombies
  A hound skeleton (D:4)
  7 adders
  An ooze (D:4)
  An adder skeleton (D:6)
  An adder zombie (D:6)
  A worm (D:4)
  2 dart slugs
  6 leopard geckos
  7 orcs
  3 ball pythons
  A giant cockroach (D:3)
  8 goblins
  4 hobgoblins
  6 jackals
  2 quokkas
  10 bats
  7 frilled lizards
  9 kobolds
  A quokka skeleton (D:4)
  7 rats
141 creatures vanquished.

Notes
Turn   | Place    | Note
-------+----------+-------------------------------------------
     0 | D:1      | SGCS1 the Draconian Monk began the quest for the Orb.
     0 | D:1      | Reached XP level 1. HP: 19/19 MP: 1/1
   384 | D:1      | Reached XP level 2. HP: 26/26 MP: 2/2
  1128 | D:2      | Reached XP level 3. HP: 25/31 MP: 3/3
  1255 | D:2      | Noticed Terence
  1279 | D:2      | Killed Terence
  1553 | D:2      | Reached XP level 4. HP: 39/39 MP: 4/4
  1692 | D:2      | Reached skill level 4 in Unarmed Combat
  2489 | D:3      | Reached XP level 5. HP: 37/45 MP: 5/5
  2511 | D:3      | Found a glowing golden altar of the Shining One.
  2717 | D:4      | Found a staircase to the Ecumenical Temple.
  2740 | Temple   | Entered the Ecumenical Temple
  2955 | Temple   | Became a worshipper of the Wu Jian Council
  2955 | Temple   | Reached * piety under Wu Jian
  2955 | Temple   | Reached ** piety under Wu Jian
  3075 | D:4      | Reached skill level 5 in Unarmed Combat
  3121 | D:4      | Found a white marble altar of Elyvilon.
  3242 | D:4      | Found a stormy altar of Qazlal.
  3361 | D:4      | Reached XP level 6. HP: 43/52 MP: 6/6
  3493 | D:4      | Noticed a fire elemental
  3497 | D:4      | Noticed a water elemental
  3497 | D:4      | Noticed an air elemental
  3580 | D:5      | Entered Level 5 of the Dungeon
  3634 | D:5      | Noticed an ice beast
  3670 | D:5      | Noticed a sky beast
  3680 | D:5      | Killed an ice beast
  3691 | D:5      | Killed a sky beast
  3691 | D:5      | Reached skill level 6 in Unarmed Combat
  3691 | D:5      | Your scales start taking on a golden yellow colour.
  3691 | D:5      | Reached XP level 7. HP: 40/59 MP: 7/7
  3691 | D:5      | Gained mutation: You are resistant to acid. (rCorr) [Yellow
                  | Draconian growth]
  3846 | D:5      | Found Otilomna's Assorted Antiques.
  3856 | D:5      | Bought a scroll of identify for 44 gold pieces
  3856 | D:5      | Bought a scroll labeled DIFO TOXEI for 22 gold pieces
  3856 | D:5      | Bought a sharpened copper wand for 88 gold pieces
  3856 | D:5      | Bought a scroll of identify for 44 gold pieces
  3912 | D:5      | Found a shadowy altar of Dithmenos.
  4553 | D:5      | Bought a bone wand for 88 gold pieces
  4693 | D:6      | Reached skill level 5 in Dodging
  4891 | D:6      | Reached skill level 7 in Unarmed Combat
  5013 | D:6      | Found a faded altar of an unknown god.
  5013 | D:6      | Found a faded altar of an unknown god.
  5023 | D:6      | Found a sparkling altar of Nemelex Xobeh.
  5025 | D:6      | Found a snail-covered altar of Cheibriados.
  5027 | D:6      | Found a bloodstained altar of Trog.
  5206 | D:6      | Reached XP level 8. HP: 65/67 MP: 8/8
  5264 | D:6      | Found a glowing silver altar of Zin.
  5264 | D:6      | Found a runed translucent door.
  5264 | D:6      | Noticed an angel
  5603 | D:6      | Reached *** piety under Wu Jian
  5603 | D:6      | Reached skill level 8 in Unarmed Combat
  6454 | D:8      | Reached skill level 9 in Unarmed Combat
  6608 | D:8      | Reached XP level 9. HP: 73/73 MP: 9/9
  6613 | D:8      | Reached skill level 5 in Fighting
  6631 | D:8      | Reached skill level 5 in Stealth
  6702 | D:8      | Reached skill level 10 in Unarmed Combat
  6722 | D:8      | Found a staircase to the Lair.
  7087 | D:8      | HP: 1/74 [orc warrior/+0 short sword (10)]
  7088 | D:8      | Slain by an orc

Illustrated notes

Levels and vault maps discovered:
D:1:      dpeg_arrival_stonehenge_12_columns, layout_basic, serial_bayou_pond_c,
          dk_noncrumbling_4
D:2:      layout_rooms, uniq_terence
D:3:      layout_loops_ring, nicolae_tso_swordbearing_angel, first_ration,
          st_stairs_6
D:4:      layout_rooms, nicolae_overflow_crystal_walls,
          minmay_temple_entry_tees, minmay_misc_feat_four_crosses,
          nicolae_qazlal_style_of_elements
D:5:      layout_cave_pools, kennysheep_mini_moat, serial_shops, shop,
          minmay_misc_feat_cross, hangedman_minor_gate_pass
D:6:      layout_basic, chequers_temple_overflow_minitemple, lemuel_angel_altar
D:7:      layout_loops_ring
D:8:      layout_basic, minmay_lair_entry_grove, serial_shops,
          nicolae_shop_trees, grunt_pizzeria
Temple:   minmay_temple_bridge_abc

Skill      XL: |  1  2  3  4  5  6  7  8  9 |
---------------+----------------------------+-----
Dodging        | 3 4 5 6 |  6.4
Stealth        | 2 3 4 5 |  5.3
Unarmed Combat | 4 5 6 7 9 10 | 10.6
Fighting       | 4 5 |  5.1
Throwing       | |  0.3

Action                   |  1- 3 |  4- 6 |  7- 9 || total
-------------------------+-------+-------+-------++-------
Melee: Unarmed           |   116 |   216 |   290 ||   622
       Tailslap          |    15 |    22 |    49 ||    86
       Punch             |     2 |     2 |    13 ||    17
Throw: Stone             |       |       |     7 ||     7
Invok: Whirlwind         |       |    48 |    13 ||    61
       Lunge             |       |     5 |    16 ||    21
       Serpent's Lash    |       |       |     1 ||     1
 Abil: Wall Jump         |       |     1 |       ||     1
       Breathe Acid      |       |       |     2 ||     2
Evoke: Wand              |       |       |     1 ||     1
  Use: Scroll            |       |     4 |    11 ||    15
       Potion            |       |     9 |     7 ||    16
 Stab: Sleeping          |     4 |     2 |    11 ||    17
  Eat: Chunk             |     2 |     6 |     6 ||    14
       Ration            |       |       |     2 ||     2
Armor: Skin              |    50 |    61 |   105 ||   216
Dodge: Dodged            |    94 |   165 |   152 ||   411
